 Dungeon Crawl Stone Soup version 0.21.1-1-g345015f (webtiles) character file.

341 inc the Conjurer (level 6, 44/44 HPs)
             Began as a Gnoll Conjurer on June 8, 2018.
             Quit the game on level 3 of the Dungeon.
             The game lasted 00:08:21 (3673 turns).

inc the Conjurer (Gnoll Conjurer)                   Turns: 3673, Time: 00:08:22

Health: 44/44      AC:  2    Str: 10    XL:     6   Next: 56%
Magic:  14/14      EV: 15    Int: 18    God:
Gold:   198        SH:  0    Dex: 17    Spells: 12/15 levels left

rFire    + . .     SeeInvis .   m - +0 dagger (curse)
rCold    . . .     Gourm    .   (no shield)
rNeg     . . .     Faith    .   a - +0 robe
rPois    .         Spirit   .   (no helmet)
rElec    .         Reflect  .   (no cloak)
rCorr    .         Harm     .   (no gloves)
MR       .....                  (no boots)
Stlth    ++++......             (no amulet)
HPRegen  0.14/turn              i - ring of stealth
MPRegen  0.14/turn              (no ring)

@: no status effects
A: distributed training, fangs 1, thin skeletal structure 1, dopey 1, fire
resistance 1, wild magic 1, strong nose
a: no special abilities


You were on level 3 of the Dungeon.
You were near starving.

You visited 2 branches of the dungeon, and saw 6 of its levels.

You collected 198 gold pieces.

Inventory:

Hand Weapons
 m - a cursed +0 dagger (weapon)
Armour
 a - a +0 robe (worn)
 k - a +2 chain mail of poison resistance
 o - a +0 buckler
 p - a +0 ring mail
Jewellery
 i - a ring of stealth (left hand)
 n - an uncursed amulet of regeneration {unknown}
Scrolls
 h - 3 scrolls of identify
 l - 2 scrolls of fear
 r - a scroll of random uselessness {unknown}
 s - a scroll of teleportation {unknown}
Potions
 d - a potion of agility
 e - a potion of haste {unknown}
 f - 2 potions of curing
 j - a potion of ambrosia {unknown}
 q - a potion of resistance
 t - a potion of experience {unknown}
Books
 b - a book of Conjurations

   Spells                             Type                      Level
   a - Magic Dart                     Conjuration                  1
   b - Searing Ray                    Conjuration                  2
   c - Dazzling Spray                 Conjuration/Hexes            3
   d - Fulminant Prism                Conjuration/Hexes            4
   e - Force Lance                    Conjuration/Translocation    4
   f - Iskenderun's Mystic Blast      Conjuration                  4
Comestibles
 c - 5 rations


   Skills:
 + Level 2.0 Fighting
 + Level 2.0 Short Blades
 + Level 2.0 Long Blades
 + Level 2.0 Axes
 + Level 2.0 Maces & Flails
 + Level 2.0 Polearms
 + Level 2.0 Staves
 + Level 2.0 Slings
 + Level 2.0 Bows
 + Level 2.0 Crossbows
 + Level 2.0 Throwing
 + Level 2.0 Armour
 + Level 5.0 Dodging
 + Level 4.6 Stealth
 + Level 2.0 Shields
 + Level 2.0 Unarmed Combat
 + Level 5.4 Spellcasting
 + Level 7.3 Conjurations
 + Level 1.5 Hexes
 + Level 1.5 Charms
 + Level 1.5 Summonings
 + Level 1.5 Necromancy
 + Level 1.5 Translocations
 + Level 1.5 Transmutations
 + Level 1.5 Fire Magic
 + Level 1.5 Ice Magic
 + Level 1.5 Air Magic
 + Level 1.5 Earth Magic
 + Level 1.5 Poison Magic
 + Level 2.2 Invocations
 + Level 2.0 Evocations


You had 12 spell levels left.
You knew the following spells:

 Your Spells              Type           Power        Failure   Level  Hunger
a - Magic Dart            Conj           ####         1%          1    None
b - Searing Ray           Conj           #####.       1%          2    #......


Dungeon Overview and Level Annotations

Branches:
Dungeon (5/15)             Temple (1/1) D:5

Altars:
Cheibriados
Dithmenos
Elyvilon
Fedhas
Gozag
Hepliaklqana
Makhleb
Nemelex Xobeh
Okawaru
Qazlal
Ru
Sif Muna
Trog
Uskayaw
Wu Jian
Xom
Yredelemnul
Zin

Annotations:
D:4 inc's ghost, amateur GnCj


Innate Abilities, Weirdness & Mutations

Your experience applies equally to all skills.
You have very sharp teeth.
Your uncanny sense of smell can sniff out nearby items.
You have a somewhat thin skeletal structure. (Dex +2, Stealth)
You are dopey. (Int -2)
Your flesh is heat resistant. (rF+)
Your spells are a little harder to cast, but a little more powerful.


Message History

Okay, then.
Take off which item? (? for menu, Esc to quit)
You start removing your armour.
You continue taking off your +0 buckler. x4
You finish taking off your +0 buckler.
Okay, then.
Wear which item? (? for menu, Esc to quit)
You start removing your armour.
You continue taking off your +0 ring mail. x4
You finish taking off your +0 ring mail.
You start putting on your armour.
You continue putting on your +0 robe. x5
You finish putting on your +0 robe.
Casting: Magic Dart
Confirm with . or Enter, or press ? or * to list all spells.
Okay, then.
Okay, then.
Okay, then.
Search for what [Enter for "alt", or ? for help]?
Search for what [Enter for "alt", or ? for help]? alt Are you sure you want to abandon this character and quit the game? (Confirm with "yes".)

#...#...##..##.###..............
###.#.####.....# #........###..#
#...# ##.##.###..####.## #..#
##### #.###...#.# #.####..#
#.###<#.#.# #........
#.##.###..#########..# #.#.##
##............#
#.##>###..########...#
#.###@#............... #.#
##.###########.### #.# #.# #....
#.####.# ##### #......# ########


There were no monsters in sight!

Vanquished Creatures
  An ice beast (D:5)
  2 hounds
  An iguana (D:4)
  2 orc wizards (D:3)
  A worker ant (D:5)
  2 adders (D:3)
  An ooze (D:3)
  An adder skeleton (D:5)
  2 worms
  2 dart slugs (D:1)
  A leopard gecko (D:1)
  6 orcs (D:3)
  A ball python (D:2)
  6 bats
  3 giant cockroaches
  6 goblins
  4 hobgoblins
  5 kobolds
  2 frilled lizards (D:2)
  11 rats
60 creatures vanquished.

Notes
Turn   | Place    | Note
-------+----------+-------------------------------------------
     0 | D:1      | inc the Gnoll Conjurer began the quest for the Orb.
     0 | D:1      | Reached XP level 1. HP: 13/13 MP: 6/6
    55 | D:1      | Reached XP level 2. HP: 19/19 MP: 2/7
   340 | D:1      | Reached XP level 3. HP: 25/25 MP: 6/9
   523 | D:1      | Learned a level 2 spell: Searing Ray
   529 | D:2      | Reached skill level 5 in Spellcasting
   870 | D:2      | Found an iron altar of Okawaru.
   937 | D:2      | Found a hazy altar of Hepliaklqana.
  1037 | D:2      | Reached skill level 1 in Invocations
  1066 | D:2      | Found a blossoming altar of Fedhas.
  1209 | D:3      | Reached skill level 1 in Fighting
  1209 | D:3      | Reached skill level 1 in Short Blades
  1209 | D:3      | Reached skill level 1 in Long Blades
  1209 | D:3      | Reached skill level 1 in Axes
  1209 | D:3      | Reached skill level 1 in Maces & Flails
  1209 | D:3      | Reached skill level 1 in Polearms
  1209 | D:3      | Reached skill level 1 in Staves
  1209 | D:3      | Reached skill level 1 in Slings
  1209 | D:3      | Reached skill level 1 in Bows
  1209 | D:3      | Reached skill level 1 in Crossbows
  1209 | D:3      | Reached skill level 1 in Throwing
  1209 | D:3      | Reached skill level 1 in Armour
  1209 | D:3      | Reached skill level 1 in Shields
  1209 | D:3      | Reached skill level 1 in Unarmed Combat
  1209 | D:3      | Reached skill level 1 in Evocations
  1209 | D:3      | Reached XP level 4. HP: 32/32 MP: 3/11
  1339 | D:3      | Reached skill level 1 in Hexes
  1339 | D:3      | Reached skill level 1 in Charms
  1339 | D:3      | Reached skill level 1 in Summonings
  1339 | D:3      | Reached skill level 1 in Necromancy
  1339 | D:3      | Reached skill level 1 in Translocations
  1339 | D:3      | Reached skill level 1 in Transmutations
  1339 | D:3      | Reached skill level 1 in Fire Magic
  1339 | D:3      | Reached skill level 1 in Ice Magic
  1339 | D:3      | Reached skill level 1 in Air Magic
  1339 | D:3      | Reached skill level 1 in Earth Magic
  1339 | D:3      | Reached skill level 1 in Poison Magic
  1629 | D:3      | Reached XP level 5. HP: 37/37 MP: 10/12
  2088 | D:3      | Found an opulent altar of Gozag.
  2089 | D:3      | Found a sparkling altar of Nemelex Xobeh.
  2253 | D:5      | Entered Level 5 of the Dungeon
  2301 | D:5      | Gained mutation: You are agile. (Dex +2) [potion of mutation]
  2301 | D:5      | Gained mutation: You tend to lose your temper in combat. [potion of mutation]
  2301 | D:5      | Gained mutation: You are partially covered in slimy green scales. (AC +2) [potion of mutation]
  2301 | D:5      | Gained mutation: You are surrounded by a mild repulsion field. (EV +2) [potion of mutation]
  2302 | D:5      | Lost mutation: You are agile. (Dex +2) [potion of mutation]
  2302 | D:5      | Lost mutation: You are partially covered in slimy green scales. (AC +2) [potion of mutation]
  2302 | D:5      | Lost mutation: You tend to lose your temper in combat. [potion of mutation]
  2302 | D:5      | Lost mutation: You are surrounded by a mild repulsion field. (EV +2) [potion of mutation]
  2302 | D:5      | Gained mutation: You are dopey. (Int -2) [potion of mutation]
  2302 | D:5      | Gained mutation: Your flesh is heat resistant. (rF+) [potion of mutation]
  2302 | D:5      | Gained mutation: You have a somewhat thin skeletal structure. (Dex +2, Stealth) [potion of mutation]
  2302 | D:5      | Gained mutation: Your spells are a little harder to cast, but a little more powerful. [potion of mutation]
  2373 | D:4      | Noticed inc's ghost (amateur GnCj)
  2670 | D:5      | Noticed an ice beast
  2678 | D:5      | Killed an ice beast
  2678 | D:5      | Reached skill level 5 in Dodging
  2678 | D:5      | Reached XP level 6. HP: 44/44 MP: 1/14
  2860 | D:5      | Found a shadowy altar of Dithmenos.
  2967 | D:5      | Found a staircase to the Ecumenical Temple.
  3028 | Temple   | Entered the Ecumenical Temple
  3673 | D:3      | Quit the game

Skill      XL: |  1  2  3  4  5  6 |
---------------+-------------------+-----
Spellcasting   | 5 |  5.4
Invocations    | 1 2 |  2.2
Fighting       | 1 2 |  2.0
Short Blades   | 1 2 |  2.0
Long Blades    | 1 2 |  2.0
Axes           | 1 2 |  2.0
Maces & Flails | 1 2 |  2.0
Polearms       | 1 2 |  2.0
Staves         | 1 2 |  2.0
Slings         | 1 2 |  2.0
Bows           | 1 2 |  2.0
Crossbows      | 1 2 |  2.0
Throwing       | 1 2 |  2.0
Armour         | 1 2 |  2.0
Shields        | 1 2 |  2.0
Unarmed Combat | 1 2 |  2.0
Evocations     | 1 2 |  2.0
Hexes          | 1 |  1.5
Charms         | 1 |  1.5
Summonings     | 1 |  1.5
Necromancy     | 1 |  1.5
Translocations | 1 |  1.5
Transmutations | 1 |  1.5
Fire Magic     | 1 |  1.5
Ice Magic      | 1 |  1.5
Air Magic      | 1 |  1.5
Earth Magic    | 1 |  1.5
Poison Magic   | 1 |  1.5
Dodging        | 5 |  5.0
Stealth        | |  4.6
Conjurations   | |  7.3

Action                   |  1- 3 |  4- 6 || total
-------------------------+-------+-------++-------
Melee: Unarmed           |    11 |       ||    11
       Bite              |     1 |     1 ||     2
       Dagger            |       |     4 ||     4
 Cast: Magic Dart        |    55 |    49 ||   104
       Searing Ray       |     1 |     7 ||     8
  Use: Scroll            |       |     5 ||     5
       Potion            |       |     2 ||     2
  Eat: Chunk             |       |     3 ||     3
       Ration            |       |     1 ||     1
Armor: Chain mail        |     4 |       ||     4
       Ring mail         |       |     1 ||     1
Dodge: Dodged            |     6 |     5 ||    11
Block: Buckler           |       |     1 ||     1
